 Dungeon Crawl Stone Soup version 0.30-a0-322-g102857c (webtiles) character file.

Game seed: 13940394876936091537

225 Sixotanaka the Vexing (level 6, -5/47 HPs)
             Began as a Gnoll Hexslinger on Oct 27, 2022.
             Was an Initiate of Cheibriados.
             Succumbed to their own poison gas
             ... on level 5 of the Dungeon.
             The game lasted 00:10:01 (3986 turns).

Sixotanaka the Vexing (Gnoll Hexslinger)            Turns: 3986, Time: 00:10:02

Health: -5/47      AC:  6    Str: 10    XL:     6   Next: 1%
Magic:  11/11      EV: 11    Int: 14    God:    Cheibriados [......]
Gold:   148        SH:  4    Dex: 15    Spells: 10/11 levels left

rFire   + . .      SeeInvis .    b - +4 whip
rCold   . . .      Faith    .    u - +0 buckler
rNeg    . . .      Spirit   .    t - +0 ring mail
rPois   .          Reflect  .    (no helmet)
rElec   .          Harm     .    (no cloak)
rCorr   .          Rampage  .    h - +0 pair of gloves
Will    .....      Clarity  +    (no boots)
Stlth   +.........               (no amulet)
HPRegen 0.27/turn                q - ring of flight
MPRegen 0.12/turn                (no ring)

@: lethally poisoned (-5 -> -37), flying, very slow
A: fangs 1, strong nose, distributed training, clarity, fire resistance 1
a: Renounce Religion


You were on level 5 of the Dungeon.
You worshipped Cheibriados.
Cheibriados was noncommittal.
You visited 2 branches of the dungeon, and saw 6 of its levels.

You collected 148 gold pieces.

Inventory:

Hand Weapons
 a - a +1 sling
 b - a +4 whip (weapon)
Armour
 h - a +0 pair of gloves (worn)
 t - a +0 ring mail (worn)
 u - a +0 buckler (worn)
Jewellery
 q - a ring of flight (left hand)
Scrolls
 c - 2 scrolls of fear {unknown}
 d - 3 scrolls of enchant weapon
 e - a scroll of enchant armour {unknown}
 g - 4 scrolls of identify {unknown}
 j - 2 scrolls of vulnerability {unknown}
 l - a scroll of poison
 m - a scroll of noise {unknown}
 o - a scroll of immolation {unknown}
Potions
 f - a potion of heal wounds {unknown}
 i - a potion of attraction {unknown}
 n - a potion of mutation
 p - 2 potions of brilliance {unknown}
 r - a potion of invisibility {unknown}
 s - a potion of might {unknown}


   Skills:
 + Level 3.1 Fighting
 + Level 1.8 Short Blades
 + Level 1.8 Long Blades
 + Level 1.8 Axes
 + Level 1.8 Maces & Flails
 + Level 1.8 Polearms
 + Level 1.8 Staves
 + Level 4.9 Ranged Weapons
 + Level 1.8 Throwing
 + Level 1.8 Armour
 + Level 4.9 Dodging
 + Level 1.8 Stealth
 + Level 1.8 Shields
 + Level 1.8 Unarmed Combat
 + Level 3.3 Spellcasting
 + Level 1.4 Conjurations
 + Level 5.6 Hexes
 + Level 1.4 Summonings
 + Level 1.4 Necromancy
 + Level 1.4 Translocations
 + Level 1.4 Transmutations
 + Level 1.4 Fire Magic
 + Level 1.4 Ice Magic
 + Level 1.4 Air Magic
 + Level 1.4 Earth Magic
 + Level 1.4 Poison Magic
 + Level 2.0 Invocations
 + Level 1.8 Evocations


You had 10 spell levels left.
You knew the following spells:

 Your Spells              Type           Power      Damage    Failure   Level
a - Slow                  Hex            72%        N/A       7%          1

Your spell library contained the following spells:

 Spells                   Type           Power      Damage    Failure   Level
 Dazzling Flash           Conj/Hex       24%        N/A       45%         3
 Inner Flame              Hex/Fire       12%        N/A       45%         3
 Portal Projectile        Hex/Tloc       24%        N/A       45%         3
 Cause Fear               Hex            9%         N/A       56%         4
 Ozocubu's Armour         Ice            6%         N/A       75%         3
 Flame Wave               Conj/Fire      6%         2d5       98%         4
 Sticky Flame             Conj/Fire      6%         2d3       98%         4
 Silence                  Hex/Air        6%         N/A       99%         5
 Agony                    Necr           6%         N/A       100%        5
 Ozocubu's Refrigeration  Ice            3%         4d8       100%        7


Dungeon Overview and Level Annotations

Branches:
Dungeon (5/15)             Temple (1/1) D:4

Altars:
Ashenzari
Cheibriados
Fedhas
Gozag
Kikubaaqudgha
Nemelex Xobeh
Qazlal
Sif Muna
Trog
Vehumet
Wu Jian
Xom
Yredelemnul

Annotations:
D:3 Sigmund
D:5 Prince Ribbit


Innate Abilities, Weirdness & Mutations

You have very sharp teeth.
Your uncanny sense of smell can sniff out nearby items.
Your experience applies equally to all skills.
You possess an exceptional clarity of mind.
Your flesh is heat resistant. (rF+)


Message History

Unknown command.
It was a potion of curing.
You feel better.
The iguana bites you but does no damage.
The ogre barely misses you.
Really fly into that cloud of poison gas?
The ogre attacks as you move away! The ogre hits you with a +0 giant club!
You are engulfed in poison gas.
You are poisoned.
* * * LOW HITPOINT WARNING * * *
x2 You feel very sick.
The iguana is engulfed in poison gas.
The iguana is poisoned.
You block the iguana's attack.
You feel better.
You are engulfed in poison gas.
You are poisoned.
* * * LOW HITPOINT WARNING * * *
x2 You feel very sick.
The iguana looks even sicker.
The iguana bites you but does no damage.
As you read the scroll labelled XOEM DAXAUWOQ, it crumbles to dust.
It is a scroll of enchant weapon.
Your +3 whip glows red for a moment.
You are engulfed in poison gas.
You are lethally poisoned!
* * * LOW HITPOINT WARNING * * *
x2 You feel very sick.
The ogre barely misses you.
The iguana is engulfed in poison gas.
The iguana looks even sicker.
The iguana barely misses you.
Unknown command.
You feel better.
You are engulfed in poison gas.
You are lethally poisoned!
* * * LOW HITPOINT WARNING * * *
x2 You feel very sick.
The iguana looks as sick as possible!
You block the iguana's attack. The ogre hits you with a +0 giant club.
* * * LOW HITPOINT WARNING * * *
It was a potion of mutation.
You feel extremely strange.
Your thoughts seem clearer.
You feel resistant to heat.
You are engulfed in poison gas.
You are more poisoned.
* * * LOW HITPOINT WARNING * * *
You die...

##.##..........#...
#§§☼☼....§§#####
#.. #§○§§§...§§☼#
.. ##§§§☼.##§§§##.
##☼§§#§☼§☼☼§☼..
#§○§§○§§☼§☼§☼...
##§§§..§§§§☼○..# ∆
##§§lO§§☼○§☼###
##§@☼§§§§§○#
#§§☼§☼##§§§.
###§§## .... ☼☼§#
### #☼§§# #####


You could see an ogre and an iguana (extremely poisoned).

Vanquished Creatures
  A hound (D:4)
  An orc priest (D:4)
  An iron imp (D:4)
  An orc wizard (D:3)
  4 adders
  An ufetubus (D:5)
  2 dart slugs
  4 orcs
  4 endoplasms
  3 giant cockroaches
  5 goblins
  9 hobgoblins
  3 quokkas
  6 ball pythons
  9 bats
  A frilled lizard (D:1)
  6 kobolds
  3 rats
64 creatures vanquished.

Notes
Turn   | Place    | Note
-------+----------+-------------------------------------------
     0 | D:1      | Sixotanaka the Gnoll Hexslinger began the quest for the
                  | Orb.
     0 | D:1      | Reached XP level 1. HP: 17/17 MP: 4/4
   309 | D:1      | Reached XP level 2. HP: 15/23 MP: 5/5
   589 | D:1      | Found a faded altar of an unknown god.
   783 | D:1      | Reached XP level 3. HP: 19/28 MP: 7/7
  1125 | D:2      | Reached skill level 1 in Invocations
  1316 | D:2      | Found an ancient bone altar of Kikubaaqudgha.
  1507 | D:2      | You fall into a shaft and drop 1 floor!
  1806 | D:3      | Reached skill level 1 in Short Blades
  1806 | D:3      | Reached skill level 1 in Long Blades
  1806 | D:3      | Reached skill level 1 in Axes
  1806 | D:3      | Reached skill level 1 in Maces & Flails
  1806 | D:3      | Reached skill level 1 in Polearms
  1806 | D:3      | Reached skill level 1 in Staves
  1806 | D:3      | Reached skill level 1 in Throwing
  1806 | D:3      | Reached skill level 1 in Armour
  1806 | D:3      | Reached skill level 1 in Stealth
  1806 | D:3      | Reached skill level 1 in Shields
  1806 | D:3      | Reached skill level 1 in Unarmed Combat
  1806 | D:3      | Reached skill level 1 in Evocations
  1884 | D:3      | Reached XP level 4. HP: 26/34 MP: 8/8
  1970 | D:2      | Reached skill level 1 in Conjurations
  1970 | D:2      | Reached skill level 1 in Summonings
  1970 | D:2      | Reached skill level 1 in Necromancy
  1970 | D:2      | Reached skill level 1 in Translocations
  1970 | D:2      | Reached skill level 1 in Transmutations
  1970 | D:2      | Reached skill level 1 in Fire Magic
  1970 | D:2      | Reached skill level 1 in Ice Magic
  1970 | D:2      | Reached skill level 1 in Air Magic
  1970 | D:2      | Reached skill level 1 in Earth Magic
  1970 | D:2      | Reached skill level 1 in Poison Magic
  2014 | D:3      | Noticed Sigmund
  2501 | D:4      | Found a staircase to the Ecumenical Temple.
  2514 | D:4      | HP: 1/34 [orc priest/+0 hand axe (1)]
  2519 | D:4      | Reached XP level 5. HP: 2/40 MP: 9/9
  2671 | Temple   | Entered the Ecumenical Temple
  2750 | D:4      | Found a snail-covered altar of Cheibriados.
  2848 | D:4      | Became a worshipper of Cheibriados the Contemplative
  3746 | D:4      | Found a shimmering altar of Xom.
  3876 | D:5      | Entered Level 5 of the Dungeon
  3876 | D:5      | Noticed Prince Ribbit
  3928 | D:5      | Reached XP level 6. HP: 47/47 MP: 11/11
  3985 | D:5      | HP: 2/47 [ogre/+0 giant club (2)]
  3986 | D:5      | Gained mutation: You possess an exceptional clarity of
                  | mind. [potion of mutation]
  3986 | D:5      | Gained mutation: Your flesh is heat resistant. (rF+)
                  | [potion of mutation]
  3986 | D:5      | Succumbed to their own poison gas

Illustrated notes

Levels and vault maps discovered:
D:1:      psy_arrival_conway, layout_basic,
          dreamdust_ecumenical_altar_angels_and_demons
D:2:      layout_basic, basic_altar
D:3:      layout_rooms, st_stairs_5, nicolae_concentric_dashed_squares_mild,
          serial_park_tiny_2, uniq_sigmund
D:4:      layout_basic, chei_slow_surprise, marbit_many_paths,
          minmay_temple_entry_proselytizer, kennysheep_generic_room_2
D:5:      layout_cave_pools, lemuel_round_altar, uniq_prince_ribbit1, uniq_pikel
Temple:   hellmonk_temple_of_storms

Skill      XL: |  1  2  3  4  5 |
---------------+----------------+-----
Invocations    | 1 2 |  2.0
Short Blades   | 1 |  1.8
Long Blades    | 1 |  1.8
Axes           | 1 |  1.8
Maces & Flails | 1 |  1.8
Polearms       | 1 |  1.8
Staves         | 1 |  1.8
Throwing       | 1 |  1.8
Armour         | 1 |  1.8
Stealth        | 1 |  1.8
Shields        | 1 |  1.8
Unarmed Combat | 1 |  1.8
Evocations     | 1 |  1.8
Spellcasting   | 3 |  3.3
Conjurations   | 1 |  1.4
Summonings     | 1 |  1.4
Necromancy     | 1 |  1.4
Translocations | 1 |  1.4
Transmutations | 1 |  1.4
Fire Magic     | 1 |  1.4
Ice Magic      | 1 |  1.4
Air Magic      | 1 |  1.4
Earth Magic    | 1 |  1.4
Poison Magic   | 1 |  1.4
Fighting       | 3 |  3.1
Ranged Weapons | |  4.9
Dodging        | |  4.9
Hexes          | |  5.6

Action                   |  1- 3 |  4- 6 || total
-------------------------+-------+-------++-------
Melee: Dagger            |    10 |       ||    10
       Whip              |       |    78 ||    78
       Bite              |       |     9 ||     9
 Fire: Sling             |   106 |    73 ||   179
  Use: Potion            |       |     4 ||     4
       Scroll            |       |     2 ||     2
Armor: Robe              |     8 |    11 ||    19
       Ring mail         |       |     5 ||     5
Dodge: Dodged            |    19 |    73 ||    92
Block: Buckler           |       |     8 ||     8

Table legend: (Time is in decaauts)
 A = Elapsed time spent in this place.
 B = Non-inter-level travel time spent in this place.
 C = Inter-level travel time spent in this place.
 D = Time resting spent in this place.
 E = Time spent auto-exploring this place.
 F = Levels seen in this place.
 G = Mean time per level.
                   A        B        C        D        E       F      G
               +--------+--------+--------+--------+--------+-----+--------+
         Total |   4249 |   3951 |    298 |    588 |   2690 |   6 |  708.2 |
       Dungeon |   4208 |   3917 |    291 |    588 |   2666 |   5 |  841.6 |
        Temple |     41 |     34 |      7 |      0 |     24 |   1 |   41.0 |
               +--------+--------+--------+--------+--------+-----+--------+

Top non-repeatable levels by time:
     D:4: 1653 daAuts
     D:1: 1093 daAuts
     D:2: 869 daAuts
     D:3: 508 daAuts
     D:5: 83 daAuts
  Temple: 41 daAuts
